[Event "12th Philadelphia Open"]
[Site "Philadelphia"]
[Date "2018.03.29"]
[Round "3"]
[White "Popilski, Gil"]
[Black "Saravanan, V."]
[Result "1-0"]
[ECO "B90"]
[WhiteElo "2502"]
[BlackElo "2326"]
[PlyCount "51"]
[EventDate "2018.03.??"]
[EventType "swiss"]
[EventRounds "9"]
[EventCountry "USA"]
[TimeControl "5400+30"]

1. e4 c5 2. Nc3 d6 3. Nf3 Nf6 4. d4 cxd4 5. Nxd4 a6 6. h4 e5 7. Nb3 Be6 8. f4
Be7 9. f5 Bd7 10. g4 Bc6 11. Bg2 h5 12. g5 Ng4 13. Bf3 Nd7 14. Bxg4 hxg4 15.
Qxg4 Qc7 16. Be3 O-O-O 17. O-O-O Kb8 18. Kb1 Rc8 19. Qe2 Nb6 20. Bxb6 Qxb6 21.
Nd2 Qc5 22. Qd3 Rc7 23. Nd5 Bxd5 24. exd5 Qb4 25. Ne4 Rhc8 26. c3 1-0

[Event "12th Philadelphia Open"]
[Site "Philadelphia"]
[Date "2018.03.29"]
[Round "3"]
[White "Shabalov, Alexander"]
[Black "Ippolito, Dean"]
[Result "1-0"]
[ECO "B23"]
[WhiteElo "2568"]
[BlackElo "2342"]
[PlyCount "57"]
[EventDate "2018.03.??"]
[EventType "swiss"]
[EventRounds "9"]
[EventCountry "USA"]
[TimeControl "5400+30"]

1. e4 c5 2. Nc3 d6 3. f4 g6 4. Nf3 Bg7 5. Bc4 Nc6 6. O-O e6 7. d4 cxd4 8. Nb5
Nge7 9. Bb3 O-O 10. Nbxd4 Nxd4 11. Nxd4 d5 12. e5 Nc6 13. Be3 Nxd4 14. Bxd4 b6
15. c3 a5 16. Qd2 Ba6 17. Rf3 Qc7 18. Qe3 Rab8 19. g4 Rfe8 20. Re1 Bc4 21. Bc2
Bxa2 22. f5 b5 23. f6 Bf8 24. h4 b4 25. h5 bxc3 26. hxg6 hxg6 27. bxc3 Red8 28.
Rh3 Rb2 29. Rh2 1-0

[Event "12th Philadelphia Open"]
[Site "Philadelphia"]
[Date "2018.03.29"]
[Round "3"]
[White "Tian, Eddy"]
[Black "Homa, Seth"]
[Result "0-1"]
[ECO "B06"]
[WhiteElo "1921"]
[BlackElo "2247"]
[PlyCount "86"]
[EventDate "2018.03.??"]
[EventType "swiss"]
[EventRounds "9"]
[EventCountry "USA"]
[TimeControl "5400+30"]

1. e4 g6 2. d4 Bg7 3. Nc3 d6 4. Be3 a6 5. f3 b5 6. Qd2 Nd7 7. O-O-O Bb7 8. g4
h6 9. Kb1 Rc8 10. d5 c6 11. dxc6 Bxc6 12. Nd5 Bxd5 13. Qxd5 Qc7 14. Qd2 Ngf6
15. c3 Ne5 16. h4 Qb7 17. Ka1 a5 18. Bd4 Nc6 19. Ne2 b4 20. Bh3 Nxd4 21. cxd4
Nd7 22. Rc1 O-O 23. Qe3 e6 24. f4 Rxc1+ 25. Rxc1 Rc8 26. f5 Rxc1+ 27. Nxc1 exf5
28. gxf5 gxf5 29. Bxf5 Qc7 30. Ne2 Nb6 31. Kb1 Qc4 32. b3 Qb5 33. Kc2 Qc6+ 34.
Kd3 Qb5+ 35. Kd2 a4 36. Qd3 Qa5 37. Qc2 axb3 38. axb3 Bf6 39. h5 Qa1 40. Ke3
Qf1 41. Nf4 Bg5 42. Qh2 Qd1 43. Kf2 Qxb3 0-1

[Event "12th Philadelphia Open"]
[Site "Philadelphia"]
[Date "2018.03.29"]
[Round "3"]
[White "Yanayt, Eugene"]
[Black "Brodsky, David"]
[Result "0-1"]
[ECO "E12"]
[WhiteElo "2127"]
[BlackElo "2409"]
[PlyCount "68"]
[EventDate "2018.03.??"]
[EventType "swiss"]
[EventRounds "9"]
[EventCountry "USA"]
[TimeControl "5400+30"]

1. d4 Nf6 2. c4 e6 3. Nf3 b6 4. a3 Ba6 5. Qc2 Bb7 6. Nc3 c5 7. e4 cxd4 8. Nxd4
Bc5 9. Nb3 Nc6 10. Qe2 O-O 11. Bg5 h6 12. h4 Be7 13. Bf4 a5 14. O-O-O e5 15.
Be3 a4 16. Nd2 Bc5 17. g4 Nd4 18. Bxd4 exd4 19. Nd5 b5 20. g5 Nxd5 21. cxd5 Ra6
22. Qf3 Rb6 23. e5 Qc7 24. Qe4 b4 25. gxh6 Rxh6 26. axb4 Bxb4+ 27. Kb1 Qa5 28.
Qxd4 Qxd5 29. Qxd5 Bxd5 30. Rh2 Rc8 31. Bd3 a3 32. f4 axb2 33. Kxb2 Bc3+ 34.
Kb1 Rb6+ 0-1

[Event "12th Philadelphia Open"]
[Site "Philadelphia"]
[Date "2018.03.29"]
[Round "3"]
[White "Yanovsky, Vlad"]
[Black "Bryant, John Daniel"]
[Result "0-1"]
[ECO "B90"]
[WhiteElo "2112"]
[BlackElo "2461"]
[PlyCount "71"]
[EventDate "2018.03.??"]
[EventType "swiss"]
[EventRounds "9"]
[EventCountry "USA"]
[TimeControl "5400+30"]

1. e4 c5 2. Nf3 d6 3. d4 cxd4 4. Nxd4 Nf6 5. Nc3 a6 6. h3 g6 7. g4 Bg7 8. Bg2
O-O 9. Be3 Nc6 10. O-O h5 11. g5 Nd7 12. f4 Nxd4 13. Bxd4 e5 14. fxe5 Nxe5 15.
h4 Be6 16. Nd5 Bxd5 17. exd5 Qd7 18. b3 Rae8 19. c4 Re7 20. Rf4 Rfe8 21. Qd2
Qc7 22. Raf1 b5 23. cxb5 axb5 24. Rc1 Qb7 25. a4 bxa4 26. bxa4 Qb3 27. Qc3 Qa2
28. a5 Ng4 29. Bxg7 Re2 30. Rxg4 hxg4 31. Bf1 R8e3 32. Bxe2 Qxe2 33. Re1 Qxe1+
34. Qxe1 Rxe1+ 35. Kf2 Rd1 36. Bc3 0-1

[Event "12th Philadelphia Open"]
[Site "Philadelphia"]
[Date "2018.03.29"]
[Round "3"]
[White "Yip, Carissa"]
[Black "Katz, Alexander"]
[Result "1/2-1/2"]
[ECO "B18"]
[WhiteElo "2290"]
[BlackElo "2347"]
[PlyCount "146"]
[EventDate "2018.03.??"]
[EventType "swiss"]
[EventRounds "9"]
[EventCountry "USA"]
[TimeControl "5400+30"]

1. e4 c6 2. d4 d5 3. Nc3 dxe4 4. Nxe4 Bf5 5. Ng3 Bg6 6. Nf3 Nd7 7. h4 h6 8. h5
Bh7 9. Bd3 Bxd3 10. Qxd3 e6 11. Bd2 Ngf6 12. O-O-O Be7 13. Kb1 O-O 14. Qe2 c5
15. c4 Qc7 16. Bc3 Nb6 17. dxc5 Qxc5 18. Rc1 Rfd8 19. Bxf6 Bxf6 20. Ne4 Qe7 21.
Nxf6+ Qxf6 22. g3 Rac8 23. Rh4 Rc5 24. Re4 Rxh5 25. Ne5 Rf5 26. f4 Nd7 27. g4
Rxf4 28. Rxf4 Qxf4 29. Rd1 Nxe5 30. Rxd8+ Kh7 31. Rb8 b6 32. Rb7 Nxg4 33. Rxa7
h5 34. Ra3 Qf5+ 35. Kc1 h4 36. Rc3 g5 37. c5 bxc5 38. a4 Ne5 39. a5 g4 40. a6
Nc6 41. Qg2 g3 42. Qxc6 Qg5+ 43. Kb1 g2 44. Rc1 Qxc1+ 45. Kxc1 g1=Q+ 46. Kc2 h3
47. Qe4+ Kg7 48. Qe5+ f6 49. Qxe6 Qg2+ 50. Kb3 h2 51. Qe7+ Kg6 52. Qe8+ Kf5 53.
Qd7+ Kf4 54. Qc7+ Kf5 55. Qd7+ Kg6 56. Qe8+ Kh7 57. Qf7+ Qg7 58. Qh5+ Qh6 59.
Qf7+ Qg7 60. Qh5+ Qh6 61. Qf7+ Kh8 62. Qe8+ Kg7 63. Qd7+ Kg6 64. Qg4+ Qg5 65.
Qe4+ Qf5 66. Qg2+ Kf7 67. Qb7+ Kg6 68. Qg2+ Qg5 69. Qe4+ f5 70. Qc6+ Qf6 71.
Qg2+ Kf7 72. Qxh2 Qxa6 73. Qh7+ Ke8 1/2-1/2

[Event "12th Philadelphia Open"]
[Site "Philadelphia"]
[Date "2018.03.30"]
[Round "3.1"]
[White "Sevian, Samuel"]
[Black "Balakrishnan, Praveen"]
[Result "1-0"]
[ECO "A46"]
[WhiteElo "2619"]
[BlackElo "2405"]
[PlyCount "103"]
[EventDate "2018.03.??"]
[EventType "swiss"]
[EventRounds "9"]
[EventCountry "USA"]
[TimeControl "5400+30"]
[WhiteClock "0:38:06"]
[BlackClock "0:25:46"]

1. d4 Nf6 2. Nf3 e6 3. Bg5 c5 4. c3 d5 5. e3 Nc6 6. Nbd2 Bd6 7. Bd3 O-O 8. O-O e5 9. e4 exd4 10. exd5 Ne7 11. Bxf6 gxf6 12. cxd4 cxd4 13. Bc4 Bg4 14. h3 Bh5 15. Qb3 Qb6 16. Qxb6 axb6 17. Nxd4 Rfd8 18. Nb5 Bg6 19. Rad1 Be5 20. Rfe1 Nxd5 21. Nf3
Nb4 22. Rxd8+ Rxd8 23. Nxe5 fxe5 24. Rxe5 Rd2 25. a3 Nd3 26. Bxd3 Bxd3 27. b3 Bxb5 28. Rxb5 Rd6 29. g4 f6 30. Kg2 Kf7 31. Kf3 Re6 32. Rd5 Rc6 33. Ke4 Kg6 34. f3 Rc3 35. Rb5 Rc6 36. h4 Re6+ 37. Kd4 Rc6 38. a4 Re6 39. Rd5 Re1 40. Kc4 Rc1+ 41. Kb5 Rc3 42. b4 Rxf3 43. Kxb6 Rf4 44. Rb5 Rxg4 45. Kxb7 f5 46. a5 f4 47. a6 f3 48. a7 f2 49. a8=Q f1=Q 50. Qg8+ Kh6 51. Rh5+ Kxh5 52. Qxh7# 1-0

[Event "12th Philadelphia Open"]
[Site "Philadelphia"]
[Date "2018.03.30"]
[Round "3.2"]
[White "Pedersen, Christian Kyndel"]
[Black "Azarov, Sergei"]
[Result "0-1"]
[ECO "D30"]
[WhiteElo "2405"]
[BlackElo "2570"]
[PlyCount "76"]
[EventDate "2018.03.??"]
[EventType "swiss"]
[EventRounds "9"]
[EventCountry "USA"]
[TimeControl "5400+30"]
[WhiteClock "0:00:01"]
[BlackClock "0:11:12"]

1. d4 d5 2. c4 e6 3. Nf3 Nf6 4. g3 Bb4+ 5. Bd2 Be7 6. Bg2 O-O 7. O-O Nbd7 8. Qc2 Ne4 9. Bc1 c6 10. b3 a5 11. Nbd2 f5 12. a4 Bb4 13.
Ba3 Qe7 14. Bxb4 axb4 15. Rac1 b6 16. Ne1 Ba6 17. Nd3 Rac8 18.
Rfe1 c5 19. e3 Qf6 20. h4 cxd4 21. exd4 dxc4 22. Nxe4 fxe4 23. Nxb4 cxb3 24. Qxb3 Qxf2+ 25. Kh1 Bc4 26. Qe3 Qxe3 27. Rxe3 Bd5 28. Rec3 Rxc3 29. Rxc3 Ra8 30. Ra3 Rc8 31. Nxd5 exd5 32. Bh3 Rc1+ 33. Kg2 Nf6 34. Be6+ Kf8 35. a5 Rc2+ 36. Kg1 bxa5 37. Rxa5 e3 38. Bxd5 Rc1+ 0-1

[Event "12th Philadelphia Open"]
[Site "Philadelphia"]
[Date "2018.03.30"]
[Round "3.3"]
[White "Shetty, Atulya"]
[Black "Stripunsky, Alexander"]
[Result "0-1"]
[ECO "A04"]
[WhiteElo "2391"]
[BlackElo "2538"]
[PlyCount "118"]
[EventDate "2018.03.??"]
[EventType "swiss"]
[EventRounds "9"]
[EventCountry "USA"]
[TimeControl "5400+30"]
[WhiteClock "0:00:33"]
[BlackClock "0:07:04"]

1. Nf3 d6 2. c4 g6 3. g3 Bg7 4. Bg2 e5 5. Nc3 Nc6 6. d3 Bg4 7. Rb1 Qc8 8. b4 Bh3 9. Bxh3 Qxh3 10. Nd5 Qd7 11. Qa4 Nge7 12. Nxe7 Nxe7 13. Qxd7+ Kxd7 14. h4 h5 15. Bb2 a6 16. Kd2 b5 17. Rhc1 f6 18. Kd1 c6 19. Nd2 Rhb8 20.
a3 a5 21. Bc3 a4 22. e3 Re8 23. Ke2 Rac8 24. Rd1 d5 25. Rbc1 Ke6 26. Nf3 Nf5 27. Bd2 dxc4 28. dxc4 Red8 29. cxb5 cxb5 30. Rxc8 Rxc8 31. Rc1 Rxc1 32. Bxc1 e4 33. Nd2 Kd5 34. f3 Nd6 35. Bb2 exf3+ 36. Kxf3 Ke6 37. Bd4 Bh6 38. Bc5 f5 39. Bxd6 Kxd6 40. Ke2 Bg7 41. Nf3 Kd5 42. Kd3 Bb2 43. Nd4 Bxa3 44. Kc3 Bc1 45. Kd3 Ba3 46. Kc3 Ke4 47. Nxb5 Bxb4+ 48. Kxb4 Kxe3 49. Kxa4 Kf3 50. Kb3 Kxg3 51. Kc2 Kxh4 52. Kd2 Kg3 53. Nd4 h4 54. Ne2+ Kf2 55. Nf4 g5 56. Nd3+ Kg3 57. Ke2 h3 58. Kf1 h2 59. Nf2 Kf3 0-1

[Event "12th Philadelphia Open"]
[Site "Philadelphia"]
[Date "2018.03.30"]
[Round "3.4"]
[White "Daggupati, Balaji"]
[Black "Tang, Andrew"]
[Result "1-0"]
[ECO "C79"]
[WhiteElo "2273"]
[BlackElo "2509"]
[PlyCount "93"]
[EventDate "2018.03.??"]
[EventType "swiss"]
[EventRounds "9"]
[EventCountry "USA"]
[TimeControl "5400+30"]
[WhiteClock "1:04:04"]
[BlackClock "0:10:28"]

1. e4 e5 2. Nf3 Nc6 3. Bb5 a6 4. Ba4 Nf6 5. O-O d6 6. Re1 Bd7 7. c3 g6 8. d4 b5 9. Bc2 Bg7 10. Be3 O-O 11. dxe5 dxe5 12. Bc5 Re8 13. Nbd2 Na5 14. Qe2 Nb7 15. Be3 c5 16. Bg5 h6 17. Bxf6 Qxf6 18. Nf1 Rad8 19. Ne3 Bc6 20. a4 c4 21. axb5 axb5 22. b3 cxb3 23. Bxb3 Nc5 24. Bd5 Bd7 25. Ra7 Na4 26. Rxd7 Nxc3 27. Qd3 Rxd7 28. Qxc3 Qe7 29. Qc6 Rb8 30. Qxg6 Qf6 31. Qg3 b4 32. Bb3 Kh7 33. Nd5 Qg6 34. Qh4 Ra8 35. Ne7 Qf6 36. Qxf6 Bxf6 37. Nd5 Rd6 38. Nxf6+ Rxf6 39. Nxe5 Ra3 40. Rb1 Rfa6 41. Kf1 Ra1 42. Rxa1 Rxa1+ 43. Ke2 Rb1 44. Bxf7 b3 45. Nd3 Kg7 46. Bd5 b2 47. Kf3 1-0

[Event "12th Philadelphia Open"]
[Site "Philadelphia"]
[Date "2018.03.30"]
[Round "4"]
[White "Homa, Seth"]
[Black "Zhou, Jianchao"]
[Result "0-1"]
[ECO "B22"]
[WhiteElo "2247"]
[BlackElo "2611"]
[PlyCount "80"]
[EventDate "2018.03.??"]
[EventType "swiss"]
[EventRounds "9"]
[EventCountry "USA"]
[TimeControl "5400+30"]

1. e4 c5 2. c3 Nf6 3. e5 Nd5 4. d4 cxd4 5. cxd4 d6 6. Nf3 Nc6 7. Bc4 Nb6 8. Bb3
d5 9. Nh4 e6 10. Nf3 Be7 11. O-O Bd7 12. Nc3 Rc8 13. a3 Na5 14. Bc2 Nbc4 15.
Ne2 Qc7 16. Bd3 Qb6 17. b4 Nc6 18. Bxc4 dxc4 19. Nc3 O-O 20. d5 exd5 21. Nxd5
Qd8 22. b5 Be6 23. Nxe7+ Nxe7 24. Qxd8 Rfxd8 25. Bg5 Kf8 26. Be3 Nd5 27. a4
Nxe3 28. fxe3 Ke7 29. Kf2 Bg4 30. Nd4 Rd5 31. Kg3 Bd7 32. Kf4 Rcc5 33. Nf3 h6
34. h4 Be6 35. Rfc1 Rd3 36. Rc2 Bd5 37. Nd4 g6 38. g4 c3 39. Ra3 Rc4 40. Ra1
Rcxd4+ 0-1

[Event "12th Philadelphia Open"]
[Site "Philadelphia"]
[Date "2018.03.30"]
[Round "4"]
[White "Katz, Alexander"]
[Black "Feng, Maggie"]
[Result "1-0"]
[ECO "D02"]
[WhiteElo "2347"]
[BlackElo "2254"]
[PlyCount "165"]
[EventDate "2018.03.??"]
[EventType "swiss"]
[EventRounds "9"]
[EventCountry "USA"]
[TimeControl "5400+30"]

1. Nf3 d5 2. d4 c5 3. c3 Nf6 4. Bf4 Nc6 5. e3 Qb6 6. Qb3 c4 7. Qc2 Bf5 8. Qc1
Nh5 9. Bg5 h6 10. Bh4 g5 11. Bg3 Nxg3 12. hxg3 Bg7 13. Nbd2 O-O 14. Be2 Qc7 15.
Bd1 b5 16. g4 Bxg4 17. Nxg5 Bxd1 18. Qb1 f5 19. Ne6 Qd6 20. Nxf8 Bg4 21. f3
Qg3+ 22. Kf1 Rxf8 23. Kg1 Qd6 24. fxg4 f4 25. Qe1 e5 26. Nf3 fxe3 27. Qxe3 exd4
28. cxd4 Rf4 29. Rd1 Re4 30. Qf2 Qf4 31. g3 Qf6 32. Rh5 Qe6 33. Kf1 Rxg4 34.
Rh4 Rg6 35. Re1 Qf5 36. Rf4 Qh3+ 37. Qg2 Qxg3 38. Qxg3 Rxg3 39. Re6 Nb4 40. Kf2
Rh3 41. Rf5 Rh1 42. Re8+ Kh7 43. Rf7 Kg6 44. Rxa7 Bf6 45. Rg8+ Kf5 46. Rf8 Nd3+
47. Kg3 Nf4 48. Rxf6+ Kxf6 49. Kxf4 Rb1 50. Ra6+ Kg7 51. Ke5 Rxb2 52. Kxd5 c3
53. Ke4 c2 54. Rc6 Rxa2 55. Ne1 b4 56. Nxc2 b3 57. Ne3 h5 58. Rb6 b2 59. Nc4 h4
60. Rxb2 Ra4 61. Ne3 Kf6 62. Rb6+ Kg5 63. Rb8 Ra7 64. Rg8+ Kf6 65. Nd5+ Ke6 66.
Rh8 Ra1 67. Rxh4 Re1+ 68. Ne3 Ra1 69. Rh6+ Kd7 70. d5 Re1 71. Kd4 Ra1 72. Rh7+
Kd8 73. Nc4 Rd1+ 74. Kc5 Rc1 75. Kd6 Ke8 76. Ne5 Kf8 77. Ke6 Re1 78. d6 Kg8 79.
Ra7 Rd1 80. d7 Kf8 81. Ra8+ Kg7 82. d8=Q Rxd8 83. Rxd8 1-0

[Event "12th Philadelphia Open"]
[Site "Philadelphia"]
[Date "2018.03.30"]
[Round "4"]
[White "Kretchetov, Alexandre"]
[Black "Li, Ruifeng"]
[Result "1/2-1/2"]
[ECO "D45"]
[WhiteElo "2244"]
[BlackElo "2585"]
[PlyCount "84"]
[EventDate "2018.03.??"]
[EventType "swiss"]
[EventRounds "9"]
[EventCountry "USA"]
[TimeControl "5400+30"]

1. Nf3 Nf6 2. c4 c6 3. Nc3 d5 4. e3 e6 5. d4 Nbd7 6. Qc2 Bd6 7. b3 O-O 8. Be2
b6 9. O-O Bb7 10. Bb2 Qe7 11. Rad1 Rad8 12. Rfe1 Rfe8 13. Bf1 h6 14. h3 a5 15.
e4 dxe4 16. Nxe4 Nxe4 17. Qxe4 Nf6 18. Qh4 Qf8 19. Ne5 c5 20. Qf4 Nd7 21. dxc5
Bxe5 22. Bxe5 Nxe5 23. Qxe5 Qxc5 24. Qa1 Qa3 25. Rxd8 Rxd8 26. Rd1 Rd6 27. Rd3
Rxd3 28. Bxd3 Qd6 29. Bf1 Be4 30. Qc1 f5 31. Qe3 Kf7 32. Be2 Qc5 33. Qg3 g6 34.
Bf3 Bxf3 35. Qxf3 Kf6 36. Qa8 Qd6 37. Qh8+ Kg5 38. Qc3 e5 39. Qe3+ f4 40. Qe4
Qd1+ 41. Kh2 Qd4 42. f3 Qd6 1/2-1/2

[Event "12th Philadelphia Open"]
[Site "Philadelphia"]
[Date "2018.03.30"]
[Round "4"]
[White "Lee, Jayden Z"]
[Black "Yanayt, Eugene"]
[Result "0-1"]
[ECO "B35"]
[WhiteElo "1807"]
[BlackElo "2127"]
[PlyCount "70"]
[EventDate "2018.03.??"]
[EventType "swiss"]
[EventRounds "9"]
[EventCountry "USA"]
[TimeControl "5400+30"]

1. e4 c5 2. Nf3 Nc6 3. Nc3 g6 4. d4 cxd4 5. Nxd4 Bg7 6. Be3 Nf6 7. Bc4 O-O 8.
Bb3 d6 9. f3 Bd7 10. Qd2 Nxd4 11. Bxd4 b5 12. h4 a5 13. Nd5 e6 14. Bb6 Qb8 15.
Nxf6+ Bxf6 16. Bxa5 Bxb2 17. Rb1 Be5 18. f4 Bxf4 19. Qxf4 Rxa5 20. h5 b4 21.
Qh6 g5 22. Rd1 Qb6 23. Rd3 Qc5 24. Rg3 Qe5 25. Rhh3 f6 26. Rg4 Rf7 27. Kf2 Ba4
28. Rd3 Bxb3 29. axb3 Rc7 30. Rd2 Ra2 31. g3 Rcxc2 32. Rf4 Rxd2+ 33. Kf3 Rf2+
34. Kg4 Rxf4+ 35. Kh3 g4+ 0-1

[Event "12th Philadelphia Open"]
[Site "Philadelphia"]
[Date "2018.03.30"]
[Round "4"]
[White "Padmanabhan, Karthik"]
[Black "Goletiani, Rusudan"]
[Result "0-1"]
[ECO "B20"]
[WhiteElo "1914"]
[BlackElo "2306"]
[PlyCount "110"]
[EventDate "2018.03.??"]
[EventType "swiss"]
[EventRounds "9"]
[EventCountry "USA"]
[TimeControl "5400+30"]

1. e4 c5 2. d4 cxd4 3. c3 d3 4. Bxd3 Nc6 5. c4 e6 6. Nc3 a6 7. Nf3 Qc7 8. O-O
Nf6 9. h3 h5 10. g3 h4 11. Nxh4 Ne5 12. Qe2 Bc5 13. Kg2 b6 14. Nf3 Nxd3 15.
Qxd3 Bb7 16. Re1 Bb4 17. Bf4 d6 18. Ng5 Rc8 19. Rad1 e5 20. Be3 Qxc4 21. Bxb6
Nd7 22. Be3 f6 23. Nf3 Qxd3 24. Rxd3 Bxc3 25. bxc3 Bxe4 26. Rxd6 Rxc3 27. Red1
Bc6 28. Rc1 Rxc1 29. Bxc1 Bb7 30. Rd3 Kd8 31. Rc3 Re8 32. Kf1 Re6 33. Ke2 Rb6
34. a3 Rb1 35. Nd2 Rb5 36. Nc4 Rc5 37. Be3 Rc8 38. Rc1 Bd5 39. Nb2 Rb8 40. Na4
Rb3 41. Rc3 Rb1 42. Nc5 Nb6 43. Nd3 Na4 44. Rc1 Rb3 45. Nc5 Rb2+ 46. Kf1 Nxc5
47. Rd1 Kc7 48. Rxd5 Ne4 49. Ra5 Kb7 50. Ra4 Nc3 51. Rg4 g5 52. h4 gxh4 53.
gxh4 Nd5 54. Rg3 Kc6 55. h5 Kd6 0-1

[Event "12th Philadelphia Open"]
[Site "Philadelphia"]
[Date "2018.03.30"]
[Round "4"]
[White "Panchanatham, Vignesh"]
[Black "Popilski, Gil"]
[Result "1/2-1/2"]
[ECO "A52"]
[WhiteElo "2384"]
[BlackElo "2502"]
[PlyCount "84"]
[EventDate "2018.03.??"]
[EventType "swiss"]
[EventRounds "9"]
[EventCountry "USA"]
[TimeControl "5400+30"]

1. d4 Nf6 2. c4 e5 3. dxe5 Ng4 4. Bf4 g5 5. Bg3 Bg7 6. Nf3 Nc6 7. Nc3 Ngxe5 8.
Nxe5 Nxe5 9. e3 d6 10. Rc1 Be6 11. b3 f5 12. Be2 O-O 13. f4 Ng4 14. Bxg4 fxg4
15. O-O gxf4 16. exf4 Qd7 17. Nb5 Rae8 18. Nd4 c5 19. Nxe6 Qxe6 20. Kh1 Bd4 21.
f5 Qe2 22. Qxe2 Rxe2 23. Bxd6 Rf6 24. Bg3 Ra6 25. a4 Rb6 26. Rb1 Re3 27. Bf4
Rexb3 28. Rbe1 Kf7 29. g3 Ra6 30. Re4 Rxa4 31. Bg5 Rf3 32. Re7+ Kf8 33. Rfe1
Rxf5 34. Bh6+ Kg8 35. Rxb7 Ra1 36. Rxa1 Bxa1 37. Rxa7 Bd4 38. Bf4 Rf6 39. h4
Rb6 40. h5 Rb4 41. Ra8+ Kg7 42. Ra7+ Kg8 1/2-1/2

[Event "12th Philadelphia Open"]
[Site "Philadelphia"]
[Date "2018.03.30"]
[Round "4"]
[White "Saravanan, V."]
[Black "Mujumdar, Sameer"]
[Result "0-1"]
[ECO "E94"]
[WhiteElo "2326"]
[BlackElo "2092"]
[PlyCount "98"]
[EventDate "2018.03.??"]
[EventType "swiss"]
[EventRounds "9"]
[EventCountry "USA"]
[TimeControl "5400+30"]

1. Nf3 Nf6 2. c4 g6 3. Nc3 Bg7 4. e4 d6 5. d4 O-O 6. Be2 Na6 7. O-O e5 8. Be3
Ng4 9. Bg5 Qe8 10. dxe5 dxe5 11. h3 Nf6 12. Qb1 c6 13. b4 Nh5 14. c5 Nc7 15.
Rd1 Ne6 16. Be3 Nef4 17. Bf1 Qe7 18. Kh2 g5 19. g3 g4 20. hxg4 Bxg4 21. Nh4
Rad8 22. Rxd8 Rxd8 23. Qc2 Ne6 24. Bh3 Bxh3 25. Kxh3 Qd7 26. Kh2 Nd4 27. Qd1
Nf6 28. f3 Ne8 29. a3 Bf6 30. Ra2 Qe7 31. Qg1 Ng7 32. Qf2 Nge6 33. Rd2 Bxh4 34.
gxh4 Qf6 35. Qg3+ Kh8 36. Bxd4 Nxd4 37. Rd3 Rg8 38. Qf2 Qf4+ 39. Kh3 Qc1 40.
Kh2 Qf4+ 41. Kh3 Qc1 42. Kh2 Ne6 43. f4 Nxf4 44. Rg3 Rxg3 45. Qxg3 Qxa3 46. h5
Qb2+ 47. Kh1 Qc1+ 48. Kh2 Qd2+ 49. Kh1 Qd3 0-1

[Event "12th Philadelphia Open"]
[Site "Philadelphia"]
[Date "2018.03.30"]
[Round "4"]
[White "Tang, Andrew"]
[Black "Niemann, Hans"]
[Result "1-0"]
[ECO "A56"]
[WhiteElo "2509"]
[BlackElo "2302"]
[PlyCount "75"]
[EventDate "2018.03.??"]
[EventType "swiss"]
[EventRounds "9"]
[EventCountry "USA"]
[TimeControl "5400+30"]

1. d4 Nf6 2. c4 c5 3. d5 e5 4. Nc3 d6 5. e4 Be7 6. g3 Nbd7 7. Bg2 Nf8 8. Nge2
Ng6 9. Qd3 Bd7 10. O-O Qc8 11. Bd2 Bh3 12. Bxh3 Qxh3 13. Qf3 h5 14. Qg2 Qd7 15.
h4 a6 16. a4 b6 17. Nd1 Ng4 18. f3 Nh6 19. Kh2 Bf6 20. Qh3 Qxh3+ 21. Kxh3 a5
22. Ra3 Nf8 23. Nec3 Nd7 24. Nb5 Ke7 25. Bxh6 Rxh6 26. f4 Rhh8 27. Raf3 Rhf8
28. Ne3 g6 29. f5 Bg7 30. g4 hxg4+ 31. Nxg4 gxf5 32. Rxf5 Bh8 33. Rh5 Rg8 34.
Nh6 Nf6 35. Nxg8+ Rxg8 36. Rhf5 Rg6 37. Nc3 Rh6 38. Ne2 1-0

[Event "12th Philadelphia Open"]
[Site "Philadelphia"]
[Date "2018.03.30"]
[Round "4.1"]
[White "Stripunsky, Alexander"]
[Black "Sevian, Samuel"]
[Result "1/2-1/2"]
[ECO "A00"]
[WhiteElo "2538"]
[BlackElo "2619"]
[PlyCount "174"]
[EventDate "2018.03.??"]
[EventType "swiss"]
[EventRounds "9"]
[EventCountry "USA"]
[TimeControl "5400+30"]
[WhiteClock "0:00:21"]
[BlackClock "0:00:08"]

1. g3 g6 2. Bg2 Bg7 3. e4 c5 4. Ne2 Nc6 5. c3 e5 6. d3 Nge7 7. Be3 b6 8. O-O O-O 9. Qa4 Bb7 10. c4 Nd4 11. Nbc3 f5 12. f3 h6 13. Bd2 Nec6 14. Nxd4 Nxd4 15. Rae1 f4 16. Ne2 Ne6 17. Qd1 Rf7 18. Bc3 Qg5 19. gxf4 Nxf4 20. Nxf4 Rxf4 21. Bd2 Qh5 22. Re2 Rh4 23. Be1 Rf4 24. Bg3 Rf7 25. Rff2 g5 26. Qf1 Raf8 27. Re3 Qg6 28. Bh3 h5 29. Bf5 Rxf5 30. exf5 Rxf5 31. h3 d6 32. Qe2 Bh6 33. Re4 Rf7 34. Kg2 Kh7 35. b3 Qf5 36. Rf1 Rg7 37. Rh1 Rg6 38. Rf1 Bc6 39.
Rh1 Kg8 40. a3 Kh7 41. b4 Kg7 42. b5 Bb7 43. Rf1 Kh7 44. a4 Qd7 45. Kh2 Kg8 46. Qg2 Bg7 47. Be1 d5 48. Rh4 dxc4 49. dxc4 e4 50. Rxh5 exf3 51. Qg4 Qe7 52. Bg3 Qe4 53. Qxe4 Bxe4 54. Bb8 Bd4 55. Kg3 Rg7 56. Rxf3 Bxf3 57. Kxf3 Bf6 58. Kg4 Rb7 59. Bg3 Kg7 60. Kf5 Re7 61. Bd6 Rf7 62. Ke6 Rb7 63. Bf8+ Kxf8 64. Kxf6 Rf7+ 65. Kxg5 Kg7 66. Rh4 Rf3 67. Re4 Rg3+ 68. Kf5 Kf7 69. h4 Ra3 70. h5 Rxa4 71. h6 Ra1 72. Rh4 Kg8 73. h7+ Kh8 74. Ke5 Rd1 75. Rf4 Rd7 76. Ke6 Rd4 77. Rf8+ Kxh7 78. Rf7+ Kg6 79. Rxa7 Rxc4 80. Rb7 Rb4 81. Rxb6 c4 82. Kd5+ Kf7 83. Kc5 Rb1 84. Kxc4 Ke7 85. Rc6 Rc1+ 86. Kb4 Rxc6 87. bxc6 Kd6 1/2-1/2

[Event "12th Philadelphia Open"]
[Site "Philadelphia"]
[Date "2018.03.30"]
[Round "4.2"]
[White "Azarov, Sergei"]
[Black "Daggupati, Balaji"]
[Result "1-0"]
[ECO "C92"]
[WhiteElo "2570"]
[BlackElo "2273"]
[PlyCount "83"]
[EventDate "2018.03.??"]
[EventType "swiss"]
[EventRounds "9"]
[EventCountry "USA"]
[TimeControl "5400+30"]
[WhiteClock "0:08:42"]
[BlackClock "0:52:42"]

1. e4 e5 2. Nf3 Nc6 3. Bb5 a6 4. Ba4 Nf6 5. O-O Be7 6. Re1 b5 7. Bb3 d6 8. c3 O-O 9. h3 Bb7 10. d4 Nd7 11. a4 Na5 12. Bc2 c5 13.
Nbd2 Qc7 14. Nf1 exd4 15. cxd4 Nc6 16. d5 Nb4 17. Bb1 Nb6 18.
a5 Nc4 19. Ne3 Nxe3 20. Bxe3 Bf6 21. Qd2 Rfe8 22. Ra3 Qd8 23. Nh2 Bc8 24. f4 g6 25. Rf1 Ra7 26. f5 gxf5 27. exf5 Rae7 28. Ng4 Rxe3 29. Nxf6+ Qxf6 30. Rxe3 Rxe3 31. Qxe3 Kf8 32. Re1 Bd7 33. Be4 Ke7 34. Qc3 Qh4 35. g3 Qg5 36. h4 Qg8 37. Bg2+ Kd8 38.
Qf6+ Kc7 39. Re7 Qxg3 40. Qxf7 Kc8 41. Qf8+ Kc7 42. Qe8 1-0

[Event "12th Philadelphia Open"]
[Site "Philadelphia"]
[Date "2018.03.30"]
[Round "4.3"]
[White "Sheng, Joshua"]
[Black "Shabalov, Alexander"]
[Result "1-0"]
[ECO "B15"]
[WhiteElo "2408"]
[BlackElo "2568"]
[PlyCount "69"]
[EventDate "2018.03.??"]
[EventType "swiss"]
[EventRounds "9"]
[EventCountry "USA"]
[TimeControl "5400+30"]
[WhiteClock "0:03:40"]
[BlackClock "0:00:25"]

1. e4 c6 2. d4 d5 3. Nc3 g6 4. h3 Bg7 5. Nf3 Nf6 6. Bd3 dxe4 7. Nxe4 Nxe4 8.
Bxe4 Nd7 9. O-O O-O 10. c3 c5 11. Bc2 cxd4 12. Nxd4 Qb6 13. Re1 e5 14. Nb3 Qc7 15. Be3 Nb6 16. Qe2 Nd5 17. Rad1 Nxe3 18. Qxe3 b6 19. Nd2 Kh8 20. Bb3 Ba6 21. Ne4 h6 22. Nd6 f5 23.
Rd5 Kh7 24. Red1 Rad8 25. h4 h5 26. Nf7 Rxd5 27. Ng5+ Kh8 28. Rxd5 Bc8 29. Qd2 Bf6 30. Nf7+ Rxf7 31. Qh6+ Kg8 32. Qxg6+ Kf8 33. Rd6 Bxh4 34. Rc6 Rg7 35. Qh6 1-0